AoeStats
← Kind hearted Topi

Glade

510479053Analyzed
1v1 RM · 1d ago on Oct 1, 2026· 35m 43s· 2 players
Game mode
Random Map
Map size
Tiny (2 player)
Population
200
Speed
Normal
Resources
Standard
Victory
Conquest
Starting age
Dark Age
Ending age
Imperial Age
RankedLock teamsTeams togetherTeam positionsShared explorationLock speedFull tech treeHidden civsTurbo modeCheats
Victory
Defeat
🇲🇽 Franks · Mexico
849
+17
🇫🇮 Portuguese · Finland
863
-46
Machete Loco
3:44 Loom
12:53 Feudal Age
14:53 Double-Bit Axe
15:04 Town Watch
18:30 Castle Age
20:47 Bow Saw
23:10 Wheelbarrow
22:36 Town Patrol
24:31 Hand Cart
25:38 Fletching
25:59 Forging
25:49 Scale Mail Armor
28:37 Gold Mining
28:40 Stone Mining
29:10 Bodkin Arrow
29:51 Iron Casting
33:29 Imperial Age
32:44 Chain Mail Armor
33:05 Iron Casting
32:39 Scale Barding Armor
34:45 Ballistics
35:26 Chemistry
34:34 Siege Engineers
34:14 Treadmill Crane
34:46 Masonry
34:36 Murder Holes
36:25 Blast Furnace
35:55 Plate Mail Armor
Kind hearted Topi
2:42 Loom
10:00 Feudal Age
11:42 Wheelbarrow
12:40 Double-Bit Axe
19:09 Castle Age
Connection lost

Rejoining the realm…

Still unreachable

The connection could not be restored.

Session expired

The server has moved on; the page needs a fresh start.